 Dungeon Crawl Stone Soup version 0.31.0-11-ge490571c62 (webtiles) character file.

Game seed: 1046022955006641856

2212 PaiMei the Reanimator (level 9, -3/63 (69) HPs)
             Began as a Demonspawn Necromancer on Jan 28, 2024.
             Slain by a wight
             ... wielding a +2 halberd
              (12 damage)
             ... on level 6 of the Dungeon.
             The game lasted 00:09:56 (7109 turns).

PaiMei the Reanimator (Demonspawn Necromancer)      Turns: 7109, Time: 00:09:56

HP:   -3/63 (69)    AC:  5    Str: 10    XL:     9   Next: 13%
MP:   0/17          EV: 14    Int: 19    God:
Gold: 285           SH:  0    Dex: 13    Spells: 15/19 levels left

rFire   + . .        x - +7 whip "Inagidoadd" {venom, rF+}
rCold   . . .        (no shield)
rNeg    . . .        a - +0 robe
rPois   .            (no helmet)
rElec   .            r - scarf {shadows}
rCorr   .            (no gloves)
SInv    .            p - +0 pair of boots
Will    .....        h - amulet of the acrobat
Stlth   ++           (no ring)
HPRegen 0.30/turn    (no ring)
MPRegen 0.30/turn

%: acrobat, guardian spirit
@: studying Axes, drained
A: yellow scales 1, spiny 2, magic shield, magic regeneration
a: no special abilities


You were on level 6 of the Dungeon.
You visited 1 branch of the dungeon, and saw 6 of its levels.

You collected 285 gold pieces.

Inventory:

Hand Weapons
 c - a +0 hand axe
 s - a +1 heavy trident
 x - the +7 whip "Inagidoadd" (weapon) {venom, rF+}
   (You took it off Sigmund on level 6 of the Dungeon)

   rF+:       It protects you from fire.
Missiles
 t - 5 curare-tipped darts (quivered)
Armour
 a - a +0 robe (worn)
 p - a +0 pair of boots (worn)
 r - a scarf of shadows (worn)
Magical Staves
 w - a staff of death
Jewellery
 h - an amulet of the acrobat (around neck)
 v - an amulet of regeneration
Wands
 n - a wand of polymorph (3)
Scrolls
 e - 3 scrolls of fog {unknown}
 g - 5 scrolls of identify {unknown}
 k - a scroll of fear {unknown}
 l - 5 scrolls of teleportation {unknown}
 m - 2 scrolls of revelation {unknown}
 u - a scroll of amnesia {unknown}
Potions
 b - 2 potions of magic
 d - 3 potions of curing {unknown}
 f - a potion of resistance {unknown}
 i - 2 potions of enlightenment {unknown}
 j - a potion of brilliance {unknown}
 o - 3 potions of heal wounds {unknown}
 q - a potion of attraction {unknown}


   Skills:
 + Level 5.7 Fighting
 + Level 5.8 Dodging
 - Level 2.0 Stealth
 + Level 5.8 Spellcasting
 + Level 8.0 Necromancy


You had 15 spell levels left.
You knew the following spells:

 Your Spells              Type           Power      Damage    Failure   Level
a - Necrotise             Necr           100%       1d9       1%          1
b - Vampiric Draining     Necr           36%        2d8       1%          3

Your spell library contained the following spells:

 Spells                   Type           Power      Damage    Failure   Level
 Animate Dead             Necr           36%        N/A       4%          4
 Curse of Agony           Necr           36%        N/A       12%         5
 Static Discharge         Conj/Air       10%        3-4/arc   17%         2
 Gell's Gravitas          Tloc           5%         N/A       34%         3
 Teleport Other           Tloc           5%         N/A       34%         3
 Airstrike                Air            2%         2d(1-17)  75%         4
 Summon Lightning Spire   Summ/Air       5%         N/A       75%         4
 Dispersal                Tloc           2%         N/A       100%        6


Dungeon Overview and Level Annotations

Branches:
Dungeon (6/15)
 Temple: D:4-7

Altars:
Ru

Shops:
D:2 (


Innate Abilities, Weirdness & Mutations

You are partially covered in yellow scales. (AC +2)
You are mostly covered in sharp spines.
When hurt, damage is shared between your health and your magic reserves.
You regenerate magic rapidly.


Message History

You whack the wight!
The wight is heavily damaged.
The wight is struck by your spines. The wight closely misses you. x2
You closely miss the wight.
The wight is almost destroyed.
The wight hits you with a +0 falchion. The wight barely misses you.
You hit the wight.
You destroy the wight!
The wight hits you from afar with a +0 spear!
The wight completely misses you. x2
Things that are here:
a +0 falchion; a +0 robe You barely miss the wight.
The wight hits you but does no damage.
The wight hits you from afar with a +2 halberd!
You barely miss the wight. The wight closely misses you.
The wight hits you from afar with a +2 halberd!
You feel drained.
You hit the wight. Your punch misses the wight.
The wight is lightly damaged.
The wight misses you.
The wight hits you from afar with a +2 halberd.
The wight hits you with a +0 spear!
You feel drained.
You barely miss the wight.
The wight is lightly damaged.
The wight hits you from afar with a +2 halberd!
You feel drained. The wight closely misses you.
You hit the wight but do no damage.
The wight is lightly damaged.
The wight closely misses you. The wight is struck by your spines.
The wight barely misses you.
You hit the wight.
The wight is moderately damaged.
The wight closely misses you. The wight is struck by your spines.
The wight hits you with a +0 spear!
You whack the wight!
You destroy the wight!
The wight hits you from afar with a +2 halberd!
* * * LOW HITPOINT WARNING * * *
The wight hits you from afar with a +2 halberd!
You die...

...# #..# #........ ##... ...#
#..# #...#...# #...# ...# #..#
#...#...####.#.# ...#
#..########...#..........# ...#
#.............#.#........# ...#
#.#########...#'#>.......'
...#####.........#..............#
...#...........#.#.#............#
...#.#########.#@#.#............#
........# #.#)#'#z...........#
........# #.#z..z..).........#
........# #.#................#
........# #.#................#
........# #.#................
........# #.##..............
........# #.##...##+##.....
.[......# ##.###### #...


You could see a wight.

Vanquished Creatures
  Sigmund (D:6)
  A water moccasin (D:5)
  An ice beast (D:6)
  4 phantoms
  A bullfrog (D:6)
  A kobold brigand (D:6)
  2 scorpions (D:6)
  7 wights
  A killer bee (D:6)
  2 howler monkeys (D:5)
  7 hounds
  A bombardier beetle (D:4)
  4 jellies
  An orc priest (D:5)
  A gnoll bouda (D:5)
  3 sleepcaps
  3 iguanas
  Ijyb (D:3)
  2 orc wizards (D:5)
  4 gnolls (D:5)
  8 adders
  A shadow imp (D:5)
  A white imp (D:6)
  5 ufetubi
  4 ribbon worms
  2 dart slugs
  4 orcs
  3 bats
  13 endoplasms
  A giant cockroach (D:1)
  4 hobgoblins
  6 jackals
  8 kobolds
  5 quokkas
  8 ball pythons
  3 frilled lizards
  4 goblins
  5 rats
133 creatures vanquished.

Vanquished Creatures (collateral kills)
  2 endoplasms
  A goblin (D:1)
  A hobgoblin (D:2)
4 creatures vanquished.

Grand Total: 137 creatures vanquished

Notes
Turn   | Place    | Note
-------+----------+-------------------------------------------
     0 | D:1      | PaiMei the Demonspawn Necromancer began the quest for the
                  | Orb.
     0 | D:1      | Reached XP level 1. HP: 13/13 MP: 3/3
   220 | D:1      | Gained mutation: You regenerate magic rapidly. [demonic
                  | ancestry]
   220 | D:1      | Reached XP level 2. HP: 19/19 MP: 3/5
   810 | D:1      | Reached XP level 3. HP: 21/25 MP: 3/6
   814 | D:1      | Learned a level 3 spell: Vampiric Draining
   997 | D:2      | Reached skill level 1 in Fighting
  1025 | D:2      | Found Piughos's Weapon Boutique.
  1276 | D:2      | Gained mutation: When hurt, damage is shared between your
                  | health and your magic reserves. [demonic ancestry]
  1276 | D:2      | Reached XP level 4. HP: 32/32 MP: 4/7
  1707 | D:2      | Reached skill level 5 in Necromancy
  1856 | D:3      | Noticed Ijyb
  1865 | D:3      | Killed Ijyb
  2057 | D:3      | Gained mutation: You are partially covered in sharp spines.
                  | [demonic ancestry]
  2057 | D:3      | Reached XP level 5. HP: 33/38 MP: 4/9
  2552 | D:4      | Noticed a phantom
  2715 | D:4      | Reached XP level 6. HP: 46/46 MP: 5/11
  3203 | D:5      | Entered Level 5 of the Dungeon
  4010 | D:5      | Reached skill level 6 in Necromancy
  4015 | D:5      | Gained mutation: You are mostly covered in sharp spines.
                  | [demonic ancestry]
  4015 | D:5      | Reached XP level 7. HP: 33/52 MP: 10/12
  4445 | D:5      | Found a sacrificial altar of Ru.
  4654 | D:5      | Reached XP level 8. HP: 44/61 MP: 10/15
  5086 | D:5      | Reached skill level 7 in Necromancy
  5696 | D:6      | Reached skill level 5 in Spellcasting
  6080 | D:6      | Reached skill level 5 in Dodging
  6423 | D:6      | Reached skill level 5 in Fighting
  6794 | D:6      | Identified the +7 whip "Inagidoadd" {venom, rF+}
  6794 | D:6      | Noticed Sigmund
  6800 | D:6      | Killed Sigmund
  6801 | D:6      | Gained mutation: You are partially covered in yellow
                  | scales. (AC +2) [demonic ancestry]
  6801 | D:6      | Reached XP level 9. HP: 68/68 MP: 9/17
  7080 | D:6      | Reached skill level 8 in Necromancy
  7109 | D:6      | Slain by a wight

Illustrated notes

Levels and vault maps discovered:
D:1:      amcnicky_arrival_choice, layout_basic
D:2:      minmay_angry_zag, layout_basic, serial_shops,
          nicolae_shop_bloodbath_and_beyond, supply_closet_lemuel
D:3:      layout_loops_ring, uniq_ijyb
D:4:      layout_rooms
D:5:      layout_layer_cave, mainiacjoe_overflow_24_doors, kennysheep_dice
D:6:      layout_basic, st_stairs_2, minmay_manual_monstrance, uniq_sigmund

Skill      XL: |  1  2  3  4  5  6  7  8  9 |
---------------+----------------------------+-----
Dodging        | 2 3 4 5 |  5.8
Stealth        | 2 |  2.0
Fighting       | 1 2 3 4 5 |  5.7
Necromancy     | 5 6 7 8 |  8.0
Spellcasting   | 3 4 5 |  5.8

Action                     |  1- 3 |  4- 6 |  7- 9 || total
---------------------------+-------+-------+-------++-------
  Melee: Hand axe          |    12 |     7 |       ||    19
         Trident           |       |    23 |    25 ||    48
         Whip              |       |       |    17 ||    17
   Cast: Necrotise         |    88 |   105 |    60 ||   253
         Vampiric Draining |       |    10 |    23 ||    33
 Armour: Robe              |    21 |    52 |    50 ||   123
  Dodge: Dodged            |    27 |    66 |    61 ||   154
